 Seeded DCSS version 0.31-a0-217-g58bb5d79cf (webtiles) character file.

Game seed: 12589761096544625774 (custom seed)

443 innerfire43 the Trooper (level 6, 0/54 HPs)
             Began as a Demonspawn Monk on July 2, 2023.
             Slain by a gnoll
             ... wielding a +0 spear of venom
             ... led by a gnoll bouda
              (6 damage)
             ... on level 4 of the Dungeon.
             The game lasted 00:03:33 (2939 turns).

innerfire43 the Trooper (Demonspawn Monk)           Turns: 2939, Time: 00:03:34

Health: 0/54       AC:  9    Str: 13    XL:     6   Next: 71%
Magic:  6/6        EV: 12    Int: 12    God:
Gold:   136        SH:  0    Dex: 15    Spells: 5/5 levels left

rFire   . . .        a - +1 hand axe
rCold   + . .        d - orb {light}
rNeg    . . .        i - +2 ring mail {rC+}
rPois   .            (helmet restricted)
rElec   .            (no cloak)
rCorr   .            (no gloves)
SInv    .            (no boots)
Will    .....        (no amulet) Stlth
                     g - +4 ring of slaying
HPRegen 0.29/turn    (no ring)
MPRegen 0.10/turn

%: no passive effects
@: confused, lethally poisoned (0 -> -7), ambrosia-drunk, weakened, glowing
A: antennae 1, rugged brown scales 2
a: no special abilities


You were on level 4 of the Dungeon.
You visited 1 branch of the dungeon, and saw 4 of its levels.

You collected 136 gold pieces.

Inventory:

Hand Weapons
 a - a +1 hand axe (weapon)
Armour
 b - a +0 robe
 d - an orb of light (worn)
 i - a +2 ring mail of cold resistance (worn)
Jewellery
 g - a +4 ring of slaying (left hand)
 n - a +6 ring of intelligence
Wands
 f - a wand of acid (8)
Scrolls
 e - 3 scrolls of identify
 h - a scroll of torment {unknown}
 j - a scroll of blinking {unknown}
 k - a scroll of enchant weapon
 o - a scroll of enchant armour {unknown}
Potions
 c - 2 potions of ambrosia
 l - a potion of lignification


   Skills:
 * Level 5.8 Fighting
 + Level 4.2 Axes
 + Level 4.1 Dodging


You had 5 spell levels left.
You didn't know any spells.
Your spell library contained the following spells:

 Spells                   Type           Power      Damage    Failure   Level
 Apportation              Tloc           0%         N/A       58%         1
 Necrotise                Necr           0%         1d4       58%         1
 Summon Small Mammal      Summ           0%         N/A       58%         1


Dungeon Overview and Level Annotations

Branches:
Dungeon (4/15)
 Temple: D:4-7

Altars:
Makhleb

Shops:
D:2 [

Annotations:
D:4 3 runed translucent doors, innerfire43's ghost, novice DsMo


Innate Abilities, Weirdness & Mutations

You have a pair of small antennae on your head.
You are mostly covered in rugged brown scales. (AC +2, +5% HP)


Message History

You hit the gnoll.
The gnoll is moderately wounded.
You hit the gnoll but do no damage. You hit the gnoll.
You kill the gnoll!
You completely miss the gnoll bouda.
You feel very sick.
The gnoll hits you with a +0 spear of venom.
The gnoll barely misses you.
The gnoll bouda hits you with a +0 whip.
* * * LOW HITPOINT WARNING * * *
The gnoll hits you with a +0 spear of venom.
* * * LOW HITPOINT WARNING * * *
You are lethally poisoned!
You are confused.
You feel invigorated.
* * * LOW HITPOINT WARNING * * *
You feel very sick. The gnoll barely misses you. The gnoll bouda misses you.
The gnoll completely misses you.
Unknown command.
* * * LOW HITPOINT WARNING * * *
You feel very sick. The gnoll barely misses you.
The gnoll bouda calls upon its god to heal the gnoll.
The gnoll's wounds heal themselves!
The gnoll barely misses you.
Unknown command.
You feel very sick. The gnoll completely misses you.
The gnoll bouda hits you with a +0 whip.
* * * LOW HITPOINT WARNING * * *
The gnoll misses you.
You hit the gnoll.
The gnoll is moderately wounded.
You hit the gnoll bouda. You hit the gnoll.
You feel sick. The gnoll hits you with a +0 halberd.
* * * LOW HITPOINT WARNING * * *
The gnoll bouda calls upon its god to heal the gnoll.
The gnoll's wounds heal themselves!
The gnoll hits you with a +0 spear of venom.
You die...

+...... ##...
#...... ....
#....#######
...###+#........###
#..#............#..
#..#............#..
#.g#............#..
#gg#............#..
#g@#............#..
#).#............#+#
#..#....##'#.......
#..#....#..#.......
#..'....#..#.<.....
#...#....#..#.......
#...#....#..#.......
#...#....#+##.......
#...#....# ##......


You could see a gnoll bouda and 3 gnolls.

Vanquished Creatures
  2 hounds
  An orc priest (D:3)
  3 iron imps (D:3)
  Natasha (thrice) (D:2)
  An orc wizard (D:3)
  6 gnolls
  3 adders
  2 worms (D:2)
  2 dart slugs (D:1)
  2 orcs (D:3)
  8 bats
  3 endoplasms
  5 giant cockroaches
  6 goblins
  6 hobgoblins
  4 jackals
  4 quokkas
  4 ball pythons
  3 frilled lizards
  10 kobolds
  4 rats
82 creatures vanquished.

Notes
Turn   | Place    | Note
-------+----------+-------------------------------------------
     0 | D:1      | innerfire43 the Demonspawn Monk began the quest for the
                  | Orb.
     0 | D:1      | Reached XP level 1. HP: 18/18 MP: 1/1
   128 | D:1      | Gained mutation: You are partially covered in rugged brown
                  | scales. (AC +1, +3% HP) [demonic ancestry]
   128 | D:1      | Reached XP level 2. HP: 18/24 MP: 2/2
   955 | D:1      | Reached XP level 3. HP: 29/29 MP: 3/3
  1089 | D:2      | Noticed Natasha
  1095 | D:2      | Killed Natasha
  1146 | D:2      | Noticed Natasha
  1153 | D:2      | Killed Natasha
  1154 | D:2      | Reached skill level 4 in Fighting
  1154 | D:2      | Reached XP level 4. HP: 27/38 MP: 4/4
  1160 | D:2      | Noticed Natasha
  1168 | D:2      | Killed Natasha
  1444 | D:2      | Gained mutation: You have a pair of small antennae on your
                  | head. [demonic ancestry]
  1444 | D:2      | Reached XP level 5. HP: 35/44 MP: 5/5
  1494 | D:2      | Found Evopiss's Armour Shop.
  1922 | D:3      | Found a burning altar of Makhleb.
  1954 | D:3      | Reached skill level 5 in Fighting
  2114 | D:3      | Gained mutation: You are mostly covered in rugged brown
                  | scales. (AC +2, +5% HP) [demonic ancestry]
  2114 | D:3      | Reached XP level 6. HP: 4/53 MP: 6/6
  2760 | D:4      | Found a large runed translucent door.
  2761 | D:4      | Found a large runed translucent door.
  2894 | D:4      | Found a runed translucent door.
  2900 | D:4      | Noticed innerfire43's ghost (novice DsMo)
  2939 | D:4      | Slain by a gnoll

Illustrated notes

Levels and vault maps discovered:
D:1:      pf_arrival_petrified_forest, layout_basic
D:2:      layout_loops_ring, serial_shops, shop, uniq_natasha
D:3:      layout_basic, demons_altar
D:4:      layout_gridville, jmf_multi_god_temple2,
          ebering_ghost_reflecting_pool, minmay_misc_feat_iff,
          grunt_ministairs_6

Skill      XL: |  1  2  3  4  5  6 |
---------------+-------------------+-----
Axes           | 3 4 |  4.2
Dodging        | 3 4 |  4.1
Fighting       | 4 5 |  5.8

Action                     |  1- 3 |  4- 6 || total
---------------------------+-------+-------++-------
  Melee: Hand axe          |    76 |   133 ||   209
    Use: Scroll            |       |     6 ||     6
         Potion            |       |     2 ||     2
 Armour: Robe              |     8 |       ||     8
         Ring mail         |     7 |    59 ||    66
  Dodge: Dodged            |    52 |   103 ||   155

Table legend: (Time is in decaauts)
 A = Elapsed time spent in this place.
 B = Non-inter-level travel time spent in this place.
 C = Inter-level travel time spent in this place.
 D = Time resting spent in this place.
 E = Time spent auto-exploring this place.
 F = Levels seen in this place.
 G = Mean time per level.
                   A        B        C        D        E       F      G
               +--------+--------+--------+--------+--------+-----+--------+
         Total |   2970 |   2901 |     69 |      0 |   2368 |   4 |  742.5 |
       Dungeon |   2970 |   2901 |     69 |      0 |   2368 |   4 |  742.5 |
               +--------+--------+--------+--------+--------+-----+--------+

Top non-repeatable levels by time:
     D:1: 1066 daAuts
     D:3: 896 daAuts
     D:2: 789 daAuts
     D:4: 217 daAuts
